[Event "*** Titled Tuesday Blitz"]
[Site "Chess.com"]
[Date "2021.02.16"]
[Round "6"]
[White "JQuiroga18"]
[Black "MPGM"]
[Result "0-1"]
[WhiteElo "2423"]
[BlackElo "2611"]
[TimeControl "180+1"]
[EndTime "11:10:27 PST"]
[Termination "MPGM won on time"]

1. e4 e5 2. Nf3 Nc6 3. d4 exd4 4. Nxd4 d6 5. Be3 Nf6 6. Bd3 Ne5 7. Be2 Nxe4 8. O-O Be7 9. f4 Nc6 10. Bf3 Nxd4 11. Qxd4 Nf6 12. Qa4+ c6 13. Nc3 O-O 14. Rad1 d5 15. Bd4 b5 16. Qb3 a5 17. a4 b4 18.
Ne2 Ba6 19. Rfe1 Re8 20. c3 Bc4 21. Qc2 b3 22. Qf5 g6 23. Qh3 c5 24. Be5 Bd6 25.
Ng3 Qe7 26. Qh4 Nd7 27. Qxe7 Bxe7 28. Bxd5 Nxe5 29. Rxe5 Bxd5 30. Rexd5 c4 31. f5 Bf6 32. fxg6 hxg6 33. Rf1 Kg7 34. Rd6 Re6 35. Rxe6 fxe6 36. Ne4 Be5 37. Rd1 Ra7 38. Rd8 Rf7 39. Rc8 Rf4 40.
Rxc4 Bxc3 41. Rxc3 Rxe4 42. Rxb3 Rxa4 43. Kf2 Rd4 44.
Ke3 Rh4 45. h3 Kf6 46. Rb5 a4 47. Ra5 Rb4 48. Kf3 e5 49. g3 Kf5 50. h4 Rb3+ 51. Kg2 Rxb2+ 52. Kf3 Rb4 53. Ra7 Rb3+ 54. Kf2 a3 55. Ra4 Rb2+ 56. Kf3 e4+ 57. Ke3 Rb3+ 58. Kf2 Rb2+ 59. Ke3 a2 60. g4+ Kxg4 61. Rxe4+ Kh5 62. Ra4 Rh2 63. Kf3 Rb2 64. Kg3 Rb3+ 65. Kg2 Rb2+ 66. Kg3 Kh6 67. Ra5 Rb3+ 68. Kg2 Rb2+ 69. Kg3 Kg7 70.
Kg4 Rb4+ 71. Kg5 Rb5+ 72. Rxb5 a1=Q 73. Rb7+ Kf8 74. Rb8+ Ke7 75. Rb7+ Kd6 76. Rb6+ Ke7 77. Rxg6 Qg1+ 78. Kh6 Qe3+ 79. Kh7 Qe4 80. h5 Kf7 81.
Kh6 Qe5 0-1

[Event "*** Titled Tuesday Blitz"]
[Site "Chess.com"]
[Date "2021.02.16"]
[Round "6"]
[White "Tenamu"]
[Black "IsaacWiebe"]
[Result "0-1"]
[WhiteElo "2394"]
[BlackElo "2219"]
[TimeControl "180+1"]
[EndTime "11:10:34 PST"]
[Termination "IsaacWiebe won by resignation"]

1. e4 e6 2. d4 d5 3. e5 c5 4. c3 Nc6 5. Nf3 Bd7 6. a3 f6 7. exf6 Nxf6 8. Bd3 Bd6 9. O-O O-O 10. Re1 Qc7 11. h3 e5 12. dxe5 Nxe5 13. Nxe5 Bxe5 14. Bf1 Bc6 15. Nd2 Rae8 16. Nf3 Bd6 17. Be3 Ne4 18.
Bd3 Rxf3 19. Qxf3 d4 20. Bxe4 Bxe4 21. Qg4 dxe3 22. Rxe3 Bg6 23. Rxe8+ Bxe8 24. Re1 Bf7 25. Qf5 Bf8 26. Rd1 Qc6 27. Rd8 g6 28. Qe5 Qe6 29.
Qb8 Qe1+ 30. Kh2 Qe7 31. f4 Kg7 32. Qe5+ Qxe5 33. fxe5 b6 34. Rd7 Kg8 35. Rxa7 Bg7 36. Ra8+ Bf8 37. Kg3 Bd5 38. Rb8 Kf7 39. Rxb6 Bg7 40. Kf4 h6 41. g3 g5+ 42. Kf5 Bg2 43.
Rb7+ Bxb7 44. b4 cxb4 45. cxb4 Bf8 46. e6+ Ke7 47. a4 Bd5 48. a5 Bxe6+ 49. Kg6 Bc4 50. h4 gxh4 51. gxh4 Ke6 52. h5 Bb5 53. Kh7 Bd3+ 54.
Kg8 Bxb4 55. Kg7 Bxa5 56. Kxh6 Bd2+ 57. Kg7 Bc3+ 58. Kg8 Kf6 59. h6 Bc4+ 60. Kh7 Bd3+ 61.
Kg8 Kg6 62. Kf8 Bc4 63. h7 Kxh7 64. Ke7 Kg6 65. Kd6 Kf5 66. Kc5 Bd3 67. Kd5 Kf4 68. Kc5 Ke3 69. Kd5 Bd4 70. Kd6 Be4 71. Ke6 Kf4 72.
Kd6 Be5+ 73. Ke6 Bd3 74. Kd5 Be4+ 75. Kc4 Kf5 76. Kc5 Ke6 77. Kc4 Kd6 78. Kb5 Kd5 79.
Kb4 Bd4 80. Kb5 Bd3+ 81. Kb4 Kc6 82. Kb3 Kc5 83. Ka4 Kb6 84. Kb4 Kc6 85. Ka4 Bc3 86. Kb3 Bd2 87. Kb2 Kc5 88. Kb3 Kb5 89. Ka3 Kc4 90. Ka4 Bc2+ 91. Ka3 Bc1+ 92. Ka2 Kc3 93. Ka1 Kb4 94. Ka2 Ba3 95. Ka1 Ba4 96. Kb1 Kb3 97.
Ka1 Bc6 98. Kb1 Be4+ 0-1

[Event "*** Titled Tuesday Blitz"]
[Site "Chess.com"]
[Date "2021.02.16"]
[Round "6"]
[White "nrvisakh"]
[Black "Salem-AR"]
[Result "1/2-1/2"]
[WhiteElo "2796"]
[BlackElo "2910"]
[TimeControl "180+1"]
[EndTime "11:10:44 PST"]
[Termination "Game drawn - insufficient material"]

1. c4 c5 2. Nc3 g6 3. Nf3 Bg7 4. e3 Nf6 5. d4 cxd4 6. exd4 d5 7. cxd5 Nxd5 8. Qb3 Nxc3 9. bxc3 O-O 10. Be2 Nc6 11. O-O Na5 12. Qb4 Be6 13. Bg5 Re8 14. Bb5 Nc6 15.
Bxc6 bxc6 16. Rfe1 Qc8 17. Bxe7 Rb8 18. Qa3 Bd5 19.
Bd6 Rb7 20. Rxe8+ Qxe8 21. Re1 Qc8 22. Qa6 h6 23. Ne5 Kh7 24. h3 f6 25. Nd3 Qa8 26. c4 Rb6 27. Qa4 Bxg2 28. c5 Rb7 29. Kxg2 Qc8 30.
Nf4 Qf5 31. Qxc6 Rb2 32. Qe4 Qg5+ 33. Kh1 f5 34. Qg2 Bxd4 35. Qxg5 hxg5 36. Nd3 Rd2 37. Re7+ Kh6 38. Ne5 Bxf2 39. Nf3 Rc2 40. Re8 g4 41. Rh8+ Kg7 42. Be5+ Kf7 43. hxg4 Ke7 44. gxf5 gxf5 45. Bd6+ Ke6 46. Rh2 Rc1+ 47. Kg2 Be3 48. Kg3 Kd5 49. Re2 Rc3 50. Bf4 Bxc5 51. Re5+ Kc6 52. Rxf5 Ra3 53.
Be5 Rxa2 54. Bf4 a5 55. Ne5+ Kb7 56. Nd3 Bb4 57. Kg4 Kc6 58. Ne5+ Kd5 59. Nd3+ Kc4 60.
Ne5+ Kd5 61. Nf3+ Kc4 62. Rf7 Ra1 63. Rc7+ Kd5 64. Rd7+ Kc4 65. Ne5+ Kb3 66. Nd3 Rg1+ 67. Kf3 Bc3 68. Nc5+ Kc4 69. Rc7 Bb4 70. Ne4+ Kb5 71. Be3 Rf1+ 72. Ke2 Rh1 73. Kd3 Rh3 74. Nc3+ Bxc3 75.
Rxc3 a4 76. Rc8 a3 77. Kd4 a2 78. Ra8 Rh4+ 79. Kd3 Ra4 80. Rxa4 Kxa4 81. Bd4 a1=Q 82. Bxa1 1/2-1/2

[Event "*** Titled Tuesday Blitz"]
[Site "Chess.com"]
[Date "2021.02.16"]
[Round "6"]
[White "FairChess_on_YouTube"]
[Black "chessdjw"]
[Result "1-0"]
[WhiteElo "2935"]
[BlackElo "2714"]
[TimeControl "180+1"]
[EndTime "11:10:53 PST"]
[Termination "FairChess_on_YouTube won by resignation"]

1. d4 Nf6 2. c4 e6 3. Nf3 d5 4.
Nc3 Bb4 5. Qa4+ Nc6 6. e3 O-O 7. Bd2 Re8 8. Rd1 a6 9. Qc2 Bd7 10. Be2 Bf8 11. O-O dxc4 12. Bxc4 b5 13. Be2 Nb4 14. Qb1 c5 15. dxc5 Bxc5 16. Ng5 h6 17. Nce4 Nxe4 18. Nxe4 Bf8 19. Bxb4 Bxb4 20. Rd4 Qe7 21. a3 Ba5 22. Nd6 Bb6 23. Rd2 Red8 24. Bf3 Rab8 25. Rfd1 Be8 26. Qc2 Bc7 27. Nxe8 Rxd2 28.
Rxd2 Rxe8 29. Qc6 Rd8 30. Rxd8+ Qxd8 31. Qxa6 Qd6 32. Qc8+ Kh7 33. g3 g6 34. Qe8 Kg7 35. Qxb5 Qd2 36. Kg2 Bd8 37. b4 Bf6 38. Qc4 Qb2 39. a4 Bc3 40. b5 Be1 41. Be2 Ba5 42.
h4 h5 43. Kf3 Bb6 44. Bd3 Qf6+ 45. Ke2 Qb2+ 46. Qc2 Qb4 47. Qa2 Ba5 48. Qa1+ Kh7 49. Qd1 Qb2+ 50. Kf3 Qf6+ 51. Kg2 Qb2 52. Qf3 Kg7 53.
Bc4 Qb4 54. Qf4 Qxa4 55. Qd4+ Kh7 56. Qf4 Kg7 57. Qe5+ Kh7 58. Be2 Qb3 59. Qf6 Qd5+ 60. Bf3 Qf5 61. Qd4 Qxb5 62. Qa7 Kg7 63. Be4 Bb6 64. Qa1+ e5 65. Bf3 Qc4 66. Qd1 Qe6 67. Bd5 Qd6 68. Qb3 Bc5 69. Bxf7 Qf6 70. Bd5 Be7 71.
Be4 Bd8 72. Qb7+ Be7 73. Qd7 Qf7 74. Qc6 Qf6 75. Qe8 Qf7 76. Qb8 Qf6 77. Qc7 Kf7 78. Qd7 Kg7 79. Bd5 Qd6 80. Qb7 Qf6 81. Qc8 Qf8 82. Qe6 Qf6 83. Qg8+ Kh6 84. Be4 Qg7 85. Qe8 Qf6 86. Bxg6 Qxg6 87. Qxe7 Qe4+ 88. Kh2 Qf3 89. Qe6+ Kh7 90. Qd7+ Kh6 91. Qd6+ Kh7 92. Kg1 e4 93. Qf4 Qd1+ 94. Kg2 Qd5 95. Qg5 Qxg5 96. hxg5 Kg6 97. Kh2 Kf5 98. Kg2 Kxg5 99. Kh3 Kg6 100. Kh4 Kh6 101. g4 hxg4 102. Kxg4 Kg6 103. Kf4 Kh5 104. Kxe4 1-0

[Event "*** Titled Tuesday Blitz"]
[Site "Chess.com"]
[Date "2021.02.16"]
[Round "6"]
[White "iulik86"]
[Black "rynos0411"]
[Result "0-1"]
[WhiteElo "2605"]
[BlackElo "2480"]
[TimeControl "180+1"]
[EndTime "11:11:05 PST"]
[Termination "rynos0411 won on time"]

1. e4 c6 2. Nf3 d5 3. Nc3 Bg4 4. d4 dxe4 5. Nxe4 Nf6 6. Ng3 Bxf3 7. Qxf3 Qxd4 8. Bd3 Nbd7 9. Be3 Qg4 10. Qf5 e6 11. Qxg4 Nxg4 12. Bd2 Be7 13. h3 Nge5 14.
Be2 O-O 15. O-O-O Nb6 16. Bc3 Ng6 17. Kb1 Rfd8 18. Nh5 Bf8 19. f4 Nd5 20. Bd2 Bc5 21. Bg4 Ne3 22. Bxe3 Bxe3 23. f5 exf5 24. Bxf5 Nh4 25.
Be4 f5 26. Bf3 Nxf3 27. gxf3 Kf7 28. Ng3 g6 29. h4 Bb6 30. h5 Rxd1+ 31. Rxd1 Rd8 32.
hxg6+ hxg6 33. Rh1 Kg7 34. Ne2 Be3 35. a4 g5 36. Ng3 Kg6 37. Ne2 Bb6 38. Nc1 Rd2 39. Nd3 Re2 40. Rh8 Re3 41. Rg8+ Kh6 42. f4 g4 43. Rg5 g3 44. Rxf5 g2 45. Rg5 Rxd3 46. Rxg2 Rd4 47. f5 Rf4 48. Rg6+ Kh7 49. Re6 Bc5 50. Re5 Bd6 51. Re6 Rd4 52. c3 Rd5 53. f6 Kg6 54. b4 Kf7 55. Re4 Kxf6 56. Kc2 Re5 57. Rf4+ Ke6 58. Rf2 Bc7 59. Kb3 Bb6 60.
Rg2 Kd7 61. Rg7+ Re7 62. Rg6 Bc7 63. a5 a6 64. Rg5 Bd6 65. Rg6 Re3 66. Rg4 Be5 67.
Rc4 Kd6 68. Kc2 Kd5 69. Rc5+ Kd6 70. Rc4 Rg3 71. Kb3 Kc7 72. Rc5 Bf6 73. Rc4 b6 74.
axb6+ Kxb6 75. Kc2 Kb5 76. Rc5+ Kb6 77. Rc4 Rg1 78.
Kb3 Rc1 79. Rc5 Rb1+ 80. Kc2 Ra1 81. Kb2 Re1 82. Kb3 Re3 83. Rc4 Re5 84. Rf4 Be7 85.
Rf7 Bd6 86. Rf6 Be7 87. Rf7 c5 88. bxc5+ Bxc5 89. Rh7 Re3 90. Rh6+ Kb5 91. Rh5 a5 92. Kc2 Kc4 93. Rh4+ Kb5 94. Rh5 Rf3 95. Rh4 a4 96.
Rh5 Rf4 97. Rh8 Kc4 98. Rh2 Rf2+ 99. Rxf2 Bxf2 100. Kb2 Bc5 101. Ka2 Kxc3 102. Ka1 Kb3 0-1

[Event "*** Titled Tuesday Blitz"]
[Site "Chess.com"]
[Date "2021.02.16"]
[Round "7"]
[White "arminmusovic"]
[Black "Susal_De_Silva"]
[Result "1-0"]
[WhiteElo "2497"]
[BlackElo "2613"]
[TimeControl "180+1"]
[EndTime "11:12:37 PST"]
[Termination "arminmusovic won by resignation"]

1. a3 b6 2. Nc3 Bb7 3. e4 g6 4. d4 Bg7 5. Bg5 h6 6. Bh4 d6 7.
f4 Nd7 8. Nf3 Ngf6 9. e5 Ne4 10.
Bd3 Nxc3 11. bxc3 dxe5 12. fxe5 O-O 13. O-O e6 14. Bxd8 1-0

[Event "*** Titled Tuesday Blitz"]
[Site "Chess.com"]
[Date "2021.02.16"]
[Round "7"]
[White "jaramsdal"]
[Black "geordie_derraugh"]
[Result "0-1"]
[WhiteElo "2300"]
[BlackElo "2465"]
[TimeControl "180+1"]
[EndTime "11:13:56 PST"]
[Termination "geordie_derraugh won by resignation"]

1. d4 Nf6 2. c4 e6 3. Nc3 Bb4 4.
Qc2 c5 5. dxc5 Qc7 6. g3 Qxc5 7. Bg2 Qxc4 8. Nf3 O-O 9. O-O d5 10. a3 Ba5 11. b4 Bb6 12. Ne5 Qc7 13. Bf4 Bd4 14. Rac1 Bxe5 15. Nb5 Qxc2 16. Rxc2 Bxf4 17. gxf4 Na6 0-1

[Event "*** Titled Tuesday Blitz"]
[Site "Chess.com"]
[Date "2021.02.16"]
[Round "7"]
[White "L1m96"]
[Black "kayrakamer"]
[Result "0-1"]
[WhiteElo "2537"]
[BlackElo "2706"]
[TimeControl "180+1"]
[EndTime "11:14:07 PST"]
[Termination "kayrakamer won by resignation"]

1. e4 c5 2. Nf3 e6 3. d4 cxd4 4. Nxd4 a6 5. Bd3 Bc5 6. Nb3 Be7 7. Qg4 g6 8. Qe2 d6 9. O-O Nd7 10. f4 Qc7 11. Nc3 b6 12. Be3 Bb7 13. Rae1 Ngf6 14. f5 gxf5 15. exf5 Rg8 16. g3 Qc6 0-1

[Event "*** Titled Tuesday Blitz"]
[Site "Chess.com"]
[Date "2021.02.16"]
[Round "7"]
[White "starplatinum2030"]
[Black "Balla_Tamas"]
[Result "0-1"]
[WhiteElo "2167"]
[BlackElo "2456"]
[TimeControl "180+1"]
[EndTime "11:14:08 PST"]
[Termination "Balla_Tamas won by resignation"]

1. e4 g6 2. d4 Bg7 3. Nc3 c6 4.
f4 d5 5. e5 Nh6 6. Nf3 Bg4 7.
Be3 O-O 8. Bd3 f6 9. Qd2 Nf5 10. Bf2 Bxf3 11. gxf3 fxe5 12. fxe5 Bh6 13. f4 e6 14. Ne2 c5 15. c3 Nc6 16. dxc5 Nxe5 17. Bxf5 Nf3+ 0-1

[Event "*** Titled Tuesday Blitz"]
[Site "Chess.com"]
[Date "2021.02.16"]
[Round "7"]
[White "PlotnikovPavel"]
[Black "Cecile-Haussernot"]
[Result "1/2-1/2"]
[WhiteElo "2464"]
[BlackElo "2314"]
[TimeControl "180+1"]
[EndTime "11:14:15 PST"]
[Termination "Game drawn by agreement"]

1. e4 c5 2. Nc3 Nc6 3. Bb5 Nd4 4. Nf3 Nxb5 5. Nxb5 a6 6. Nc3 b5 7. d4 cxd4 8. Nxd4 Bb7 9. a3 e6 10. O-O Nf6 11.
Bg5 Be7 12. Qe2 O-O 13. Rad1 Rc8 14. e5 Nd5 15. Bxe7 Qxe7 16. Nxd5 Bxd5 17. c3 Rc4 18. Nf5 Qg5 19. Ne3 Qxe5 1/2-1/2

[Event "*** Titled Tuesday Blitz"]
[Site "Chess.com"]
[Date "2021.02.16"]
[Round "7"]
[White "rachidhuilda"]
[Black "HackingKid98"]
[Result "0-1"]
[WhiteElo "2290"]
[BlackElo "2471"]
[TimeControl "180+1"]
[EndTime "11:14:17 PST"]
[Termination "HackingKid98 won by resignation"]

1. d4 d5 2. c4 e6 3. Nf3 c6 4. Qc2 dxc4 5. Qxc4 b5 6. Qc2 a6 7. g3 Bb7 8. Bg2 Nd7 9. O-O c5 10. dxc5 Bxc5 11. Rd1 Qc7 12. Bf4 Bxf2+ 13. Kxf2 Qxc2 14. Nc3 Qxb2 15. Rac1 Rc8 16. Rxd7 Kxd7 17. Ne5+ Ke8 18. Bxb7 Rxc3 0-1

[Event "*** Titled Tuesday Blitz"]
[Site "Chess.com"]
[Date "2021.02.16"]
[Round "7"]
[White "mishanick"]
[Black "Sankalp_Gupta2003"]
[Result "1-0"]
[WhiteElo "2996"]
[BlackElo "2715"]
[TimeControl "180+1"]
[EndTime "11:14:22 PST"]
[Termination "mishanick won by resignation"]

1. e4 c6 2. Nf3 d5 3. Nc3 dxe4 4. Nxe4 Nf6 5. Qe2 Nxe4 6. Qxe4 Nd7 7. Bc4 Nf6 8. Ne5 e6 9. Qe2 b5 10. Bd3 Bb7 11. a4 a6 12. O-O Bd6 13. b3 O-O 14. Bb2 Qb6 15. Kh1 Rad8 16. f4 bxa4 17. Rxa4 a5 18. Nc4 Qc7 19. Bxf6 gxf6 20. Bxh7+ Kxh7 21. Qh5+ Kg7 22. Qg4+ Kh8 23. Rf3 1-0

[Event "*** Titled Tuesday Blitz"]
[Site "Chess.com"]
[Date "2021.02.16"]
[Round "7"]
[White "Kurkusha"]
[Black "FMOlexandrProhorov"]
[Result "1/2-1/2"]
[WhiteElo "2362"]
[BlackElo "2129"]
[TimeControl "180+1"]
[EndTime "11:14:43 PST"]
[Termination "Game drawn by agreement"]

1. d4 g6 2. c4 Bg7 3. Nf3 c5 4. Nc3 cxd4 5. Nxd4 Nc6 6. Nb3 Qb6 7. Nd5 Qd8 8. Bf4 d6 9. Qd2 Nf6 10. Nxf6+ Bxf6 11.
Bh6 Bf5 12. e3 a5 13. Be2 a4 14. Nd4 Qb6 15. Nb5 a3 1/2-1/2

[Event "*** Titled Tuesday Blitz"]
[Site "Chess.com"]
[Date "2021.02.16"]
[Round "7"]
[White "zurzan"]
[Black "cstevens1"]
[Result "0-1"]
[WhiteElo "2039"]
[BlackElo "2620"]
[TimeControl "180+1"]
[EndTime "11:14:44 PST"]
[Termination "cstevens1 won by resignation"]

1. f4 d5 2. Nf3 g6 3. g3 Bg7 4.
Bg2 c5 5. O-O Nc6 6. d3 d4 7. c3 Nh6 8. Qc2 O-O 9. h3 Nf5 10.
Kh2 Bd7 11. Re1 Rc8 12. e4 dxe3 13. Bxe3 Nxe3 14. Rxe3 Nd4 15. Nxd4 cxd4 16. Re2 dxc3 17. Nxc3 Bc6 18. Rc1 e6 19. Bxc6 Rxc6 20. Rd2 Qa5 21. Qb3 Rb6 22. Qc4 Rb4 0-1

[Event "*** Titled Tuesday Blitz"]
[Site "Chess.com"]
[Date "2021.02.16"]
[Round "7"]
[White "Lady_Nika"]
[Black "Skat2704"]
[Result "0-1"]
[WhiteElo "2386"]
[BlackElo "2541"]
[TimeControl "180+1"]
[EndTime "11:15:08 PST"]
[Termination "Skat2704 won by checkmate"]

1. d4 d5 2. e3 Nf6 3. f4 c5 4. Nf3 Nc6 5. c3 e6 6. Bd3 Be7 7. Nbd2 Qc7 8. Ne5 O-O 9. O-O c4 10. Bc2 b5 11. Rf3 Bb7 12. Rh3 g6 13. g4 Nxe5 14. fxe5 Ne4 15. Qe1 f6 16. Nf3 fxe5 17. Nxe5 Bg5 18. Bxe4 dxe4 19. b3 b4 20. bxc4 Ba6 21.
cxb4 Bxc4 22. Qd2 Rf1+ 23. Kg2 Raf8 24. Bb2 Rxa1 25. Bxa1 Bf1+ 26. Kg3 Rf3# 0-1

[Event "*** Titled Tuesday Blitz"]
[Site "Chess.com"]
[Date "2021.02.16"]
[Round "7"]
[White "Sir_Frankie_Crisp"]
[Black "Nuvas"]
[Result "0-1"]
[WhiteElo "2291"]
[BlackElo "2479"]
[TimeControl "180+1"]
[EndTime "11:15:09 PST"]
[Termination "Nuvas won by resignation"]

1. e4 c5 2. Nf3 d6 3. d4 cxd4 4. Nxd4 Nf6 5. Nc3 a6 6. Be3 e5 7. Nb3 Be6 8. Qd2 Nbd7 9. f3 h5 10. Nd5 Bxd5 11. exd5 g6 12. O-O-O Bg7 13. Kb1 O-O 14.
Na5 Qc7 15. c4 e4 16. Be2 exf3 17. gxf3 Rfe8 18. Bd4 Rxe2 19. Qxe2 Qxa5 20. f4 Re8 21. Qg2 Ng4 22. Bxg7 Kxg7 23. Qd2 0-1

[Event "*** Titled Tuesday Blitz"]
[Site "Chess.com"]
[Date "2021.02.16"]
[Round "7"]
[White "ZiggyStardust64"]
[Black "kekic76"]
[Result "1/2-1/2"]
[WhiteElo "2579"]
[BlackElo "2405"]
[TimeControl "180+1"]
[EndTime "11:15:12 PST"]
[Termination "Game drawn by agreement"]

1. c4 e5 2. Nc3 Nc6 3. Nf3 Bb4 4. Nd5 Bc5 5. Nxe5 Bxf2+ 6. Kxf2 Nxe5 7. e3 c6 8. Nf4 Nf6 9. d4 Ng6 10. Bd3 Nxf4 11.
exf4 O-O 12. Re1 d5 13. Kg1 Bg4 14. Qc2 Re8 15. Bd2 Qd6 16. c5 Qc7 17. h3 Bd7 18. Re5 Ne4 19. Bxe4 dxe4 20. Qxe4 f6 21. Rxe8+ Rxe8 22. Qd3 Be6 23. Re1 Qd7 24. b3 1/2-1/2

[Event "*** Titled Tuesday Blitz"]
[Site "Chess.com"]
[Date "2021.02.16"]
[Round "7"]
[White "Eloist"]
[Black "Make_it_shine060"]
[Result "1-0"]
[WhiteElo "2405"]
[BlackElo "2190"]
[TimeControl "180+1"]
[EndTime "11:15:35 PST"]
[Termination "Eloist won by resignation"]

1. e4 c5 2. Nf3 d6 3. Bb5+ Nc6 4. O-O a6 5. Bxc6+ bxc6 6. d4 cxd4 7. Nxd4 c5 8. Nf5 g6 9. Ne3 Bg7 10. Nc3 Nf6 11. e5 dxe5 12. Qxd8+ Kxd8 13. Nc4 Nd7 14. Be3 Bb7 15. Rad1 Kc7 16. Rxd7+ Kxd7 17. Nb6+ Kc6 18. Nxa8 Rxa8 19. Na4 e4 20. Nxc5 Bxb2 21. Nxb7 Kxb7 22.
Rb1 Kc6 23. Rxb2 1-0

[Event "*** Titled Tuesday Blitz"]
[Site "Chess.com"]
[Date "2021.02.16"]
[Round "7"]
[White "PSvidler"]
[Black "BrianEscalante"]
[Result "1-0"]
[WhiteElo "2908"]
[BlackElo "2619"]
[TimeControl "180+1"]
[EndTime "11:15:40 PST"]
[Termination "PSvidler won by resignation"]

1. c4 c5 2. g3 Nc6 3. Bg2 g6 4.
Nc3 Bg7 5. b3 e6 6. Ba3 Nge7 7.
Bxc5 d6 8. Ba3 O-O 9. Nf3 a6 10. O-O b5 11. Bb2 bxc4 12. bxc4 Rb8 13. Rb1 d5 14. cxd5 Nxd5 15. Qc1 Nxc3 16. Bxc3 Rxb1 17. Qxb1 Bxc3 18. dxc3 Qa5 19. Nd2 Qxc3 20. Ne4 Qe5 21. Qb6 Nd4 22. e3 Ne2+ 23. Kh1 Nc3 24. Qb2 Qb5 25.
Qxc3 Bb7 1-0

[Event "*** Titled Tuesday Blitz"]
[Site "Chess.com"]
[Date "2021.02.16"]
[Round "7"]
[White "hypert"]
[Black "davigator"]
[Result "1-0"]
[WhiteElo "2513"]
[BlackElo "2369"]
[TimeControl "180+1"]
[EndTime "11:15:45 PST"]
[Termination "hypert won by resignation"]

1. e4 c5 2. Nc3 Nc6 3. Nf3 Nf6 4. d4 cxd4 5. Nxd4 d6 6. Bg5 a6 7. Qd2 e6 8. O-O-O Bd7 9. f3 Qc7 10. h4 Na5 11. Nb3 Nxb3+ 12. cxb3 b5 13. Kb1 Rb8 14.
Rc1 Qb7 15. g4 Be7 16. h5 h6 17. Be3 a5 18. Be2 b4 19. Na4 d5 20. e5 Nh7 21.
Nc5 Qc6 22. Na6 Qb7 23. Nxb8 Qxb8 24. f4 O-O 25. g5 hxg5 26. fxg5 Qxe5 27. g6 Bf6 28.
gxh7+ Kh8 29. Bf4 Qf5+ 30. Bd3 Qg4 31. Rcg1 Qf3 32. Ka1 e5 33. Bg5 e4 34. Bxf6 Qxf6 35.
Bxe4 1-0

[Event "*** Titled Tuesday Blitz"]
[Site "Chess.com"]
[Date "2021.02.16"]
[Round "7"]
[White "dropstoneDP"]
[Black "AlexeiShirov"]
[Result "1-0"]
[WhiteElo "2988"]
[BlackElo "2840"]
[TimeControl "180+1"]
[EndTime "11:15:54 PST"]
[Termination "dropstoneDP won by resignation"]

1. d4 d5 2. Nf3 Nf6 3. a3 g6 4. Bf4 Bg7 5. h3 c5 6. c3 Qb6 7. b4 cxd4 8. cxd4 a5 9. b5 Qxb5 10.
Nc3 Qb2 11. Na4 Qb5 12. e3 Qd7 13. Nb6 Qc6 14. Nxa8 Qc3+ 15. Nd2 O-O 16. Qc1 Qxc1+ 17. Rxc1 Nc6 18. Nb6 1-0

[Event "*** Titled Tuesday Blitz"]
[Site "Chess.com"]
[Date "2021.02.16"]
[Round "7"]
[White "LamaChampetre"]
[Black "VALPARAISO37"]
[Result "0-1"]
[WhiteElo "2201"]
[BlackElo "2463"]
[TimeControl "180+1"]
[EndTime "11:15:54 PST"]
[Termination "VALPARAISO37 won by resignation"]

1. d4 Nf6 2. c4 e6 3. Nf3 d5 4. g3 dxc4 5. Bg2 Nc6 6. O-O Rb8 7. e3 Be7 8. Nfd2 e5 9. Bxc6+ bxc6 10. dxe5 Ng4 11. Nxc4 Be6 12. Qc2 Qd5 13. b3 h5 14.
Nc3 Qf3 15. Nd2 Nxe3 16. fxe3 Qxe3+ 17. Kg2 h4 18. Nf3 Qc5 19. Qd3 hxg3 20. hxg3 Bh3+ 21.
Kh2 Bxf1+ 22. Nh4 Bxd3 0-1

[Event "*** Titled Tuesday Blitz"]
[Site "Chess.com"]
[Date "2021.02.16"]
[Round "7"]
[White "garfield_pg"]
[Black "DanilNajdin"]
[Result "1-0"]
[WhiteElo "2343"]
[BlackElo "2467"]
[TimeControl "180+1"]
[EndTime "11:15:56 PST"]
[Termination "garfield_pg won by checkmate"]

1. e4 e5 2. d4 exd4 3. Nf3 c5 4. c3 dxc3 5. Bc4 Nf6 6. Nxc3 Be7 7. e5 Ng4 8. h3 Nh6 9. Bxh6 gxh6 10. Qd5 O-O 11.
Qe4 Nc6 12. Bd3 f5 13. exf6 Rxf6 14. Qxh7+ Kf8 15. Qh8+ Kf7 16. Bc4+ d5 17. Bxd5+ Be6 18. Qh7+ Kf8 19. O-O-O Nd4 20. Qh8+ Kf7 21. Ne5# 1-0

[Event "*** Titled Tuesday Blitz"]
[Site "Chess.com"]
[Date "2021.02.16"]
[Round "7"]
[White "eightbyeightchess"]
[Black "Natalya_Buksa"]
[Result "0-1"]
[WhiteElo "2381"]
[BlackElo "2531"]
[TimeControl "180+1"]
[EndTime "11:16:02 PST"]
[Termination "Natalya_Buksa won by resignation"]

1. e4 c5 2. Nf3 Nc6 3. d4 cxd4 4. c3 Nf6 5. e5 Nd5 6. Bc4 Nb6 7. Bd3 d6 8. cxd4 dxe5 9. dxe5 Bg4 10. Bf4 Nd5 11. Bg3 Ndb4 12. Bc4 Qxd1+ 13. Kxd1 O-O-O+ 14. Kc1 e6 15. a3 Nd3+ 16. Bxd3 Rxd3 17. Nc3 Be7 18. Rd1 Rxd1+ 19. Kxd1 Nd4 20. Rc1 Kb8 21. Kd2 Nb3+ 22. Kc2 Nxc1 23. Kxc1 Bxf3 24. gxf3 Bg5+ 25. f4 Be7 26. f3 Rd8 27. Kc2 h5 28. Bf2 h4 29. h3 f6 30. Ne4 fxe5 31. fxe5 Rf8 32. Nd2 Rf5 33. Bd4 b6 34. Kd3 Rg5 35. Ne4 Rg2 36.
Nf2 Bc5 37. Bxc5 bxc5 38. Ke2 Kc7 39. Kf1 Rg3 40. Ke2 Kc6 41. Ne4 Rxh3 0-1

[Event "*** Titled Tuesday Blitz"]
[Site "Chess.com"]
[Date "2021.02.16"]
[Round "7"]
[White "francyIM"]
[Black "StockholmMissile"]
[Result "1-0"]
[WhiteElo "2689"]
[BlackElo "2530"]
[TimeControl "180+1"]
[EndTime "11:16:05 PST"]
[Termination "francyIM won by resignation"]

1. e4 e5 2. Nf3 Nc6 3. c3 Nf6 4.
d4 exd4 5. e5 Nd5 6. cxd4 Bb4+ 7. Bd2 Bxd2+ 8. Nbxd2 d6 9. Bb5 a6 10. Bxc6+ bxc6 11. O-O O-O 12. Rc1 Bd7 13. Re1 Qb8 14. b3 Qb4 15. Nc4 a5 16. Ng5 h6 17. Ne4 Bf5 18. a3 Qb8 19. Qf3 Bxe4 20. Rxe4 Nb6 21. Rg4 d5 22. Ne3 Kh7 23. Rxc6 Qd8 24. Rxg7+ Kxg7 25. Nf5+ Kg8 26. Qg4+ Qg5 27. Nxh6+ 1-0

[Event "*** Titled Tuesday Blitz"]
[Site "Chess.com"]
[Date "2021.02.16"]
[Round "7"]
[White "iulik86"]
[Black "Leo_C"]
[Result "1-0"]
[WhiteElo "2612"]
[BlackElo "2421"]
[TimeControl "180+1"]
[EndTime "11:16:06 PST"]
[Termination "iulik86 won by resignation"]

1. e4 c6 2. d4 d5 3. exd5 cxd5 4. Bd3 Nc6 5. c3 Nf6 6. Bf4 Bg4 7. Qb3 e5 8. dxe5 Nh5 9. Be3 Nxe5 10. Bb5+ Bd7 11.
Qxd5 f6 12. Qxb7 Rb8 13. Bxd7+ Nxd7 14. Qf3 g6 15. Qe4+ Be7 16. Nd2 Rxb2 17. Nc4 Rb8 18.
Nf3 O-O 19. Rd1 Nc5 20. Bxc5 Bxc5 21. Rxd8 Rbxd8 22. O-O 1-0

[Event "*** Titled Tuesday Blitz"]
[Site "Chess.com"]
[Date "2021.02.16"]
[Round "7"]
[White "Kanthecarowin"]
[Black "DarZay"]
[Result "1-0"]
[WhiteElo "2327"]
[BlackElo "2154"]
[TimeControl "180+1"]
[EndTime "11:16:10 PST"]
[Termination "Kanthecarowin won by resignation"]

1. d4 d5 2. c4 e6 3. Nc3 Be7 4. cxd5 exd5 5. Qc2 Nf6 6. Bg5 h6 7. Bh4 c6 8. e3 Ne4 9. Bxe7 Qxe7 10. Nxd5 cxd5 11.
Qxc8+ Qd8 12. Bb5+ Ke7 13. Qxb7+ Nd7 14. Qxd7+ Qxd7 15. Bxd7 Kxd7 16. Ne2 Rab8 17. b3 Rhc8 18. f3 Nc3 19.
Nxc3 Rxc3 20. Kd2 Rc6 21. Rhc1 Re6 22. Rc3 f5 23. Rac1 Rb7 24. Rc5 Rd6 25. R1c3 g5 26. a3 a6 27. b4 f4 28. exf4 gxf4 29. Ra5 Rb8 30. Rcc5 Rg8 31. Rxd5 Rxg2+ 32. Kd3 Rxh2 33. Rxd6+ Kxd6 34. Rxa6+ Kd5 35. Ra5+ Kd6 36. Ke4 Rd2 37. Ra6+ Kc7 38. Rxh6 Ra2 39. Ra6 Kb7 40. Ra5 Rd2 41.
Kxf4 Rxd4+ 42. Ke5 Rd3 43. f4 1-0

[Event "*** Titled Tuesday Blitz"]
[Site "Chess.com"]
[Date "2021.02.16"]
[Round "7"]
[White "KafkaesqueKnight"]
[Black "federicosellitti"]
[Result "0-1"]
[WhiteElo "2240"]
[BlackElo "2467"]
[TimeControl "180+1"]
[EndTime "11:16:13 PST"]
[Termination "federicosellitti won by resignation"]

1. d4 d5 2. c4 Nc6 3. Nc3 dxc4 4. e3 e5 5. d5 Na5 6. Nf3 Bd6 7.
Nd2 Nf6 8. Qa4+ c6 9. dxc6 Nxc6 10. Nxc4 O-O 11. Nxd6 Qxd6 12. Be2 Bf5 13. O-O e4 14. Rd1 Qe6 15. b3 Bg4 16. Bb2 Ne5 17. Bxg4 Qxg4 18. Kh1 Qh4 19. Nxe4 Nxe4 20. Bxe5 Nxf2+ 21. Kg1 Qxa4 22. bxa4 Nxd1 23. Rxd1 Rfd8 0-1